 Dungeon Crawl Stone Soup version 0.28.0-49-g6dfe1f597d (webtiles) character file.

Game seed: 14276666203969402616

99 NinjaNoafa the Skirmisher (level 4, -4/40 HPs)
             Began as a Draconian Monk on May 11, 2022.
             Slain by a gnoll
             ... wielding a +0 spear
              (6 damage)
             ... on level 2 of the Dungeon.
             The game lasted 00:02:33 (1826 turns).

NinjaNoafa the Skirmisher (Draconian Monk)          Turns: 1826, Time: 00:02:33

Health: -4/40      AC:  5    Str: 13    XL:     4   Next: 45%
Magic:  4/4        EV: 13    Int: 10    God:
Gold:   66         SH:  0    Dex: 16    Spells: 3/3 levels left

rFire   . . .      SeeInvis .   a - +0 hand axe
rCold   . . .      Faith    .   (no shield)
rNeg    . . .      Spirit   .   (armour unavailable)
rPois   .          Reflect  .   (helmet restricted)
rElec   .          Harm     .   (no cloak)
rCorr   .          Rampage  .   (no gloves)
Will    .....                   (no boots)
Stlth   ++........              (no amulet)
HPRegen 0.13/turn               (no ring)
MPRegen 0.09/turn               (no ring)

@: no status effects
A: AC +5, unfitting armour, cold-blooded
a: no special abilities


You were on level 2 of the Dungeon.
You visited 1 branch of the dungeon, and saw 2 of its levels.

You collected 66 gold pieces.

Inventory:

Hand Weapons
 a - a +0 hand axe (weapon)
Missiles
 c - 3 curare-tipped darts
 e - 69 stones (quivered)
Scrolls
 d - a scroll of enchant armour {unknown}
 f - a scroll of enchant weapon {unknown}


   Skills:
 - Level 4.0 Fighting
 - Level 4.0 Axes
 + Level 3.2 Dodging
 - Level 2.3 Stealth
 - Level 0.1 Spellcasting
 - Level 0.3 Conjurations
 - Level 0.3 Air Magic


You had 3 spell levels left.
You didn't know any spells.
Your spell library contained the following spells:

 Spells                   Type           Power      Damage    Failure   Level
 Static Discharge         Conj/Air       0%         N/A       45%         2
 Lightning Bolt           Conj/Air       0%         1d11      100%        5
 Maxwell's Capacitive Co  Air            0%         ∞         100%        8


Dungeon Overview and Level Annotations

Branches:
Dungeon (2/15)

Altars:


Innate Abilities, Weirdness & Mutations

Your plain brown scales are hard. (AC +5)
You cannot fit into any form of body armour.
You are cold-blooded and may be slowed by cold attacks.


Message History

You hit the gnoll but do no damage. You closely miss the goblin.
The gnoll closely misses you. The goblin misses you. The gnoll misses you. x2
You barely miss the gnoll.
The gnoll is heavily wounded.
You closely miss the goblin. You hit the gnoll but do no damage.
The goblin hits you with a +0 club. The gnoll barely misses you. x2
You barely miss the gnoll. You tail-slap the gnoll.
The gnoll is severely wounded.
You hit the gnoll. You barely miss the goblin.
The goblin hits you with a +0 club.
* * * LOW HITPOINT WARNING * * *
The gnoll closely misses you. x2; The goblin hits you but does no damage.
You hit the gnoll. You tail-slap the gnoll.
You kill the gnoll!
You hit the goblin.
You kill the goblin!
You hit the gnoll. The gnoll misses you.
You barely miss the gnoll.
The gnoll is severely wounded.
The gnoll hits you with a +0 spear.
* * * LOW HITPOINT WARNING * * *
You closely miss the gnoll.
The gnoll is severely wounded.
The gnoll hits you with a +0 spear.
* * * LOW HITPOINT WARNING * * *
You hit the gnoll but do no damage.
The gnoll is severely wounded.
The gnoll closely misses you.
You hit the gnoll but do no damage. You tail-slap the gnoll.
The gnoll is almost dead.
The gnoll hits you with a +0 spear.
* * * LOW HITPOINT WARNING * * *
You aren't carrying any potions.
The gnoll barely misses you.
Things that are here:
a +0 flail; a gnoll corpse
As you read the scroll labelled MAITRI PESM, it crumbles to dust.
The scroll dissolves into smoke.
It was a scroll of fog.
The gnoll hits you from afar with a +0 spear.
You die...

...........#.#...............##..
.............................###.
........)..#.#................##.
#.......#.####............##.†...
##.....######..................#.
##...## ##..............####...
#.....# ##....§.§§...... ##..
##...####..##§§§§§....# #..
##.####..###§§@§§....# ##.
#...##..## ####§#.#.## #.
####.##..## #g#.#.# #. ........##
#g.[..# #. ######### ###...# #.
#...# .. ...... ..... .....


You could see a gnoll.

Vanquished Creatures
  Jessica (D:2)
  2 adders (D:2)
  A gnoll (D:2)
  A worm (D:2)
  An orc (D:2)
  2 endoplasms
  4 giant cockroaches
  4 goblins
  2 hobgoblins
  3 jackals (D:1)
  4 kobolds
  A quokka (D:1)
  3 ball pythons (D:1)
  5 bats
  2 frilled lizards (D:1)
  4 rats
40 creatures vanquished.

Notes
Turn   | Place    | Note
-------+----------+-------------------------------------------
     0 | D:1      | NinjaNoafa the Draconian Monk began the quest for the Orb.
     0 | D:1      | Reached XP level 1. HP: 19/19 MP: 1/1
   183 | D:1      | Found a faded altar of an unknown god.
   386 | D:1      | Reached XP level 2. HP: 19/26 MP: 2/2
  1277 | D:2      | Reached XP level 3. HP: 29/31 MP: 3/3
  1603 | D:2      | Noticed Jessica
  1619 | D:2      | Killed Jessica
  1620 | D:2      | Reached XP level 4. HP: 22/40 MP: 4/4
  1824 | D:2      | HP: 2/40 [gnoll/+0 spear (5)]
  1826 | D:2      | Slain by a gnoll

Illustrated notes

Levels and vault maps discovered:
D:1:      dpeg_arrival_radiant, layout_loops_ring,
          chequers_ecumenical_altar_twisty, hex_medium
D:2:      layout_rooms, nicolae_figureground_sparkle, uniq_jessica

Skill      XL: |  1  2  3 |
---------------+----------+-----
Stealth        | 2 |  2.3
Dodging        | 3 |  3.2
Fighting       | 4 |  4.0
Axes           | 4 |  4.0
Spellcasting   | |  0.1
Conjurations   | |  0.3
Air Magic      | |  0.3

Action                   |  1- 3 |  4- 6 || total
-------------------------+-------+-------++-------
Melee: Hand axe          |   121 |    13 ||   134
       Tailslap          |    14 |     3 ||    17
       Punch             |     1 |       ||     1
Throw: Stone             |     2 |       ||     2
  Use: Scroll            |       |     1 ||     1
 Stab: Sleeping          |     8 |       ||     8
       Distracted        |       |     1 ||     1
Armor: Skin              |    54 |     1 ||    55
Dodge: Dodged            |    88 |    15 ||   103
